General information
			
			
        
        - name: Skycity2
 
        - type: Custom game
 
        - host: Iceberg-Slim
 
        - saver: timg4strOK
 
        
map: EchoIsles 
        - players: 3
 
        - length: 16:06
 
        - speed: Fast
 - version: 1.22 W3XP
 - replay type:  

 
» download(66 KB)
Players
        team 1 (loser) 
              
              
greedoFthenoob (
pink | 82 APM | 1317 actions | 16:04)
              
 3 Mountain King 
 2 Storm Bolt
 1 Bash
 
                » actions 
                
                | Assign group hotkey | 27 |  | 
| Basic commands | 36 |  | 
| Build / train | 60 |  | 
| ESC pressed | 6 |  | 
| Enter build submenu | 36 |  | 
| Enter hero's abilities submenu | 3 |  | 
| Right click | 647 |  | 
| Select / deselect | 372 |  | 
| Select group hotkey | 49 |  | 
| Use ability | 81 |  | 
                1317 total
 » units 
                
                | Peasant | 20 |  | 
| Footman | 7 |  | 
| Rifleman | 14 |  | 
                41 total
 » upgrades
                » buildings
                
                | Altar of Kings | 1 |  | 
| Farm | 7 |  | 
| Barracks | 1 |  | 
| Arcane Vault | 2 |  | 
| Scout Tower | 18 |  | 
| Lumber Mill | 1 |  | 
| Blacksmith | 1 |  | 
| Guard Tower | 6 |  | 
| Keep | 1 |  | 
                38 total
 » build order
                00:04 Altar of Kings
00:11 Farm
00:21 Barracks
00:47 Farm
01:35 Farm
02:25 Farm
04:05 Farm
04:41 Farm
05:50 Arcane Vault
06:02 Farm
06:39 Scout Tower
06:45 Lumber Mill
07:12 Blacksmith
09:23 Scout Tower
09:24 Scout Tower
09:25 Scout Tower
09:26 Scout Tower
09:33 Scout Tower
09:34 Scout Tower
09:45 Guard Tower
10:07 Guard Tower
10:19 Guard Tower
11:26 Scout Tower
12:50 Scout Tower
12:52 Scout Tower
12:54 Scout Tower
13:00 Scout Tower
13:22 Guard Tower
13:24 Guard Tower
13:59 Guard Tower
14:20 Scout Tower
14:21 Scout Tower
14:23 Scout Tower
14:24 Scout Tower
14:27 Scout Tower
14:28 Scout Tower
15:21 Keep
15:31 Arcane Vault
» items
                
                | Scroll of Regeneration | 2 |  | 
| Lesser Clarity Potion | 2 |  | 
| Boots of Speed | 1 |  | 
| Staff of Teleportation | 1 |  | 
                6 total
  
               team 2 (winner) 
              
              
» 
timg4strOK (
gray | 170 APM | 2736 actions | 16:06)
              
 4 Dreadlord 
 2 Sleep
 2 Vampiric Aura
 2 Death Knight 
 1 Death Coil
 1 Unholy Aura
 
                » actions 
                
                | Assign group hotkey | 23 |  | 
| Basic commands | 59 |  | 
| Build / train | 46 |  | 
| Enter build submenu | 10 |  | 
| Enter hero's abilities submenu | 6 |  | 
| Give item / drop item | 2 |  | 
| Right click | 1417 |  | 
| Select / deselect | 244 |  | 
| Select group hotkey | 863 |  | 
| Use ability | 66 |  | 
                2736 total
 » units 
                » upgrades
                
                | Stone Form | 1 |  | 
| Creature Attack | 1 |  | 
                2 total
 » buildings
                
                | Crypt | 2 |  | 
| Altar of Darkness | 1 |  | 
| Ziggurat | 4 |  | 
| Tomb of Relics | 1 |  | 
| Nerubian Tower | 1 |  | 
| Halls of the Dead | 2 |  | 
| Graveyard | 1 |  | 
| Black Citadel | 1 |  | 
                13 total
 » build order
                00:07 Crypt
00:09 Altar of Darkness
00:32 Ziggurat
00:57 Tomb of Relics
01:30 Ziggurat
01:38 Nerubian Tower
03:01 Halls of the Dead
03:01 Halls of the Dead
04:28 Graveyard
04:32 Crypt
05:28 Ziggurat
09:16 Black Citadel
09:27 Ziggurat
» items
                
                | Rod of Necromancy | 3 |  | 
| Scroll of Town Portal | 3 |  | 
| Orb of Corruption | 1 |  | 
| Potion of Healing | 1 |  | 
| Sacrificial Skull | 1 |  | 
                9 total
  
               observersIceberg-Slim Chat log
          
(01:18 / All) greedoFthenoob: im the king of the mountain
(16:04 / All) greedoFthenoob: gg